 Dungeon Crawl Stone Soup version 0.21-a0-400-g417d9d2 (webtiles) character file.

64 Kavrick the Ruffian (level 3, 0/36 HPs)
             Began as a Troll Monk on Oct 20, 2017.
             Killed by nerve-wracking pain
             ... invoked by an orc priest
              (14 damage)
             ... on level 3 of the Dungeon.
             The game lasted 00:01:44 (1018 turns).

Kavrick the Ruffian (Troll Monk)                    Turns: 1018, Time: 00:01:45

Health: 0/36       AC:  6    Str: 20    XL:     3   Next: 91%
Magic:  2/2        EV: 10    Int:  6    God:
Gold:   105        SH:  0    Dex: 12    Spells: 2/2 levels left

rFire    . . .     SeeInvis .     - Unarmed
rCold    . . .     Gourm    +   (no shield)
rNeg     . . .     Faith    .   a - +0 robe
rPois    .         Spirit   .   (helmet restricted)
rElec    .         Reflect  .   f - +0 cloak
rCorr    .         Harm     .   (gloves unavailable)
MR       .....                  (boots unavailable)
Stlth    ++........             (no amulet)
HPRegen  0.52/turn              (no ring)
MPRegen  0.08/turn              (no ring)

@: no status effects
A: unfitting armour, claws 3, fast metabolism 3, gourmand, regeneration 1,
shaggy fur 1, tough skin 2
a: no special abilities


You were on level 3 of the Dungeon.
You were completely stuffed.

You visited 1 branch of the dungeon, and saw 3 of its levels.

You collected 105 gold pieces.

Inventory:

Armour
 a - a +0 robe (worn)
 f - a +0 cloak (worn)
Jewellery
 l - an uncursed amulet of rage {unknown}
 n - a cursed ring of loudness {unknown}
Scrolls
 c - a scroll of recharging {unknown}
 e - 3 scrolls of fear {unknown}
 h - 2 scrolls of teleportation {unknown}
 i - a scroll of magic mapping {unknown}
 j - 2 scrolls of identify {unknown}
 m - a scroll of remove curse {unknown}
Potions
 d - 2 potions of curing {unknown}
 g - a potion of brilliance {unknown}
 o - a potion of degeneration {unknown}
 p - a potion of heal wounds {unknown}
Comestibles
 b - 4 bread rations
 k - 7 chunks of flesh


   Skills:
 + Level 2.8 Fighting
 + Level 1.1 Armour
 + Level 2.8 Dodging
 - Level 1.0 Stealth
 * Level 3.8 Unarmed Combat


You had 2 spell levels left.
You didn't know any spells.

Dungeon Overview and Level Annotations

Branches:
Dungeon (2/15)

Altars:
Fedhas


Innate Abilities, Weirdness & Mutations

You are too large for most types of armour.
You have claws for hands.
Your metabolism is lightning-fast.
You like to eat raw meat.
Your natural rate of healing is unusually fast.
You are covered in fur. (AC +1)
You have very tough skin. (AC +2)


Message History

You claw the orc!
You kill the orc!
You barely miss the orc. Your claw misses the orc.
The orc priest mumbles some strange prayers to Beogh against you.
Beogh smites you! The orc hits you but does no damage.
You scratch the orc.
The orc is moderately wounded.
The orc hits you but does no damage.
You claw the orc!
You kill the orc!
You completely miss the orc priest. The orc priest hits you.
You claw the orc priest!
The orc priest is almost dead.
The orc priest calls down the wrath of Beogh upon you.
Beogh smites you!
You closely miss the orc priest.
The orc priest is almost dead.
The orc priest invokes the aid of Beogh against you.
Pain shoots through your body!
You die...

#. #. #. #. ## #. #.
#.############ #.
#.oo@........#######.
#..#########.........
#......... ##..######
#...8...8. #..#
#....o.... #..#
#....oo.o. #..#
#.....o... $#.##
##..8...8..##.#
#.....oo.# #.#


You could see an orc priest and an orc wizard.

Vanquished Creatures
  Terence (D:2)
  A dart slug (D:2)
  3 leopard geckos (D:1)
  2 orcs (D:3)
  6 goblins
  A hobgoblin (D:1)
  3 kobolds (D:2)
  A quokka (D:3)
  5 bats (D:1)
  3 frilled lizards
  6 rats
32 creatures vanquished.

Notes
Turn   | Place    | Note
-------+----------+-------------------------------------------
     0 | D:1      | Kavrick the Troll Monk began the quest for the Orb.
     0 | D:1      | Reached XP level 1. HP: 22/22 MP: 0/0
   119 | D:1      | Reached XP level 2. HP: 29/29 MP: 1/1
   736 | D:2      | Found a blossoming altar of Fedhas.
   760 | D:2      | Reached XP level 3. HP: 35/36 MP: 2/2
   781 | D:2      | Noticed Terence
   797 | D:2      | Killed Terence
   797 | D:2      | Reached skill level 1 in Armour
   947 | D:2      | You fall through a shaft!
  1018 | D:3      | Killed from afar by an orc priest

Vault maps used:
D:1:      dpeg_arrival_renting
D:2:      lemuel_coloured_pillars_altar, fedhas_altar_1, uniq_terence
D:3:      cheibrodos_pilgrimage, first_bread

Skill      XL: |  1  2  3 |
---------------+----------+-----
Armour         | 1 |  1.1
Fighting       | |  2.8
Dodging        | |  2.8
Stealth        | |  1.0
Unarmed Combat | |  3.8

Action                   || total
-------------------------++-------
Melee: Unarmed           ||   115
 Stab: Sleeping          ||     2
  Eat: Chunk             ||    15
Armor: Robe              ||    44
Dodge: Dodged            ||    43

Table legend:
 A = Spawn XP
 B = Non-spawn XP
 C = Spawn XP percentage of total XP
 D = Spawn monster count
 E = Non-spawn monster count
 F = Spawn count percentage of total count
 G = Total turns spent on level
                    A         B        C        D         E        F      G
               +---------+---------+-------+---------+---------+-------+---------
         Total |       0 |      92 |   0.0 |       0 |      32 |   0.0 |  1018
               +---------+---------+-------+---------+---------+-------+---------
           D:1 |       0 |      33 |   0.0 |       0 |      20 |   0.0 |   672
           D:2 |       0 |      50 |   0.0 |       0 |       8 |   0.0 |   275
           D:3 |       0 |       9 |   0.0 |       0 |       4 |   0.0 |    71
               +---------+---------+-------+---------+---------+-------+---------
